 Dungeon Crawl Stone Soup version 0.31-a0-229-g1fc7ce93e2 (webtiles) character file.

Game seed: 8721544155396338016

35 qw the Shooter (level 3, 0/21 HPs)
             Began as a Gargoyle Hexslinger on July 6, 2023.
             Slain by Sigmund
             ... wielding a +1 scythe of freezing
              (11 damage)
             ... on level 2 of the Dungeon.
             The game lasted 00:00:19 (1235 turns).

qw the Shooter (Gargoyle Hexslinger)                Turns: 1235, Time: 00:00:20

Health: 0/21       AC:  5    Str: 11    XL:     3   Next: 33%
Magic:  4/4        EV: 12    Int: 13    God:
Gold:   87         SH:  0    Dex: 14    Spells: 3/4 levels left

rFire   . . .        Y - +1 sling
rCold   . . .        (no shield)
rNeg    + . .        c - +0 robe
rPois   inf          (no helmet)
rElec   +            (no cloak)
rCorr   .            (no gloves)
SInv    .            (no boots)
Will    .....        (no amulet)
Stlth   +            (no ring)
HPRegen 0.23/turn    (no ring)
MPRegen 0.09/turn

%: no passive effects
@: no status effects
A: sickness immunity, AC +3, negative energy resistance 1, electricity
resistance, torment resistance 1, petrification resistance
a: no special abilities


You were on level 2 of the Dungeon.
You visited 1 branch of the dungeon, and saw 2 of its levels.

You collected 87 gold pieces.


Innate Abilities, Weirdness & Mutations

You are immune to sickness and miasma.
Your stone body is resilient. (AC +3)
You are immune to poison.
You resist negative energy. (rN+)
You are resistant to electric shocks. (rElec)
You are resistant to unholy torment.
You are immune to petrification.


   Skills:
 - Level 2.0 Fighting
 + Level 3.2 Ranged Weapons
 - Level 1.5 Dodging
 - Level 1.0 Spellcasting
 - Level 2.6 Hexes


You had 3 spell levels left.
You knew the following spells:

 Your Spells              Type           Power      Damage    Failure   Level
a - Slow                  Hex            28%        N/A       10%         1

Your spell library contained the following spells:

 Spells                   Type           Power      Damage    Failure   Level
 Inner Flame              Hex/Fire       4%         N/A       43%         3
 Portal Projectile        Hex/Tloc       8%         N/A       43%         3
 Cause Fear               Hex            3%         N/A       67%         4

Inventory:

Hand Weapons
 Y - a +1 sling (weapon)
Armour
 b - a +0 ring mail
 c - a +0 robe (worn)
Scrolls
 a - a scroll of identify
 h - 3 scrolls of fog {unknown}
Potions
 d - a potion of brilliance {unknown}
 e - a potion of invisibility {unknown}
 f - a potion of curing {unknown}
 g - 2 potions of degeneration {unknown}

Dungeon Overview and Level Annotations

Branches:
Dungeon (2/15)

Altars:

Annotations:
D:2 Sigmund


Message History

You kill the giant cockroach!
You see here a hobgoblin corpse.
You open the door.
There is an open door here.
You open the door.
Sigmund the Dreaded comes into view.
He is wielding a +1 scythe of freezing and wearing a +2 robe of fire resistance.
Found a short sword.
There is an open door here.
Enter note:
Enter note:
Enter note:
Enter note: You shoot a sling bullet.
The sling bullet hits Sigmund but does no damage.
You shoot a sling bullet.
The sling bullet hits Sigmund but does no damage.
You shoot a sling bullet. The sling bullet barely misses Sigmund.
Sigmund gestures at you while chanting. The magic dart hits you.
You shoot a sling bullet.
The sling bullet closely misses Sigmund.
Sigmund casts a spell at you. The magic dart hits you!
You shoot a sling bullet. The sling bullet barely misses Sigmund.
You shoot a sling bullet. The sling bullet barely misses Sigmund.
Sigmund barely misses you.
You shoot a sling bullet.
The sling bullet hits Sigmund but does no damage.
You shoot a sling bullet.
The sling bullet closely misses Sigmund.
Sigmund gestures at you while chanting. You resist with significant effort.
Sigmund says, "Now you see me, now you don't..."
Sigmund casts a spell.
Sigmund flickers and vanishes!
Deactivating autopickup; reactivate with Ctrl-A.
You shoot a sling bullet. Something hits you!
Ouch! That really hurt!
You die...

#......
#######
###+###
......)
######.......
#....@.{.....
#.####.......
#.# ....$..
#.# .......
#.# ....###
#.# ....# #.#
#....# #.#
#....# #.#
#....#


There were no monsters in sight!

Vanquished Creatures
  A worm (D:2)
  2 dart slugs
  A bat (D:1)
  2 endoplasms
  2 giant cockroaches
  5 goblins
  2 hobgoblins
  A quokka (D:1)
  2 ball pythons (D:1)
  3 frilled lizards
  3 kobolds
  2 rats
26 creatures vanquished.

Notes
Turn   | Place    | Note
-------+----------+-------------------------------------------
     0 | D:1      | qw the Gargoyle Hexslinger began the quest for the Orb.
     0 | D:1      | Reached XP level 1. HP: 12/12 MP: 2/2
     0 | D:1      | 0 ||| qw: Version: 0.3-a-46-gb1f654a
     0 | D:1      | 0 ||| qw: Game counter: 1246
     0 | D:1      | 0 ||| qw: Melee chars always use a shield: true
     0 | D:1      | 0 ||| qw: God list: Okawaru
     0 | D:1      | 0 ||| qw: Allow faded altars: false
     0 | D:1      | 0 ||| qw: Do Orc after clearing Dungeon:15 true
     0 | D:1      | 0 ||| qw: Do second Lair branch before Depths: true
     0 | D:1      | 0 ||| qw: Lair rune preference: random
     0 | D:1      | 0 ||| qw: Goals: Normal
     0 | D:1      | 0 ||| PLANNING D:1-11
   129 | D:1      | Reached XP level 2. HP: 16/16 MP: 3/3
   184 | D:1      | Reached skill level 3 in Ranged Weapons
   189 | D:1      | Found a faded altar of an unknown god.
   761 | D:1      | 761 ||| READING 2 scrolls labelled AWOTTO OMUSIOS.
   762 | D:1      | 762 ||| DROPPING scroll of poison.
   847 | D:2      | Reached XP level 3. HP: 21/21 MP: 4/4
  1226 | D:2      | Noticed Sigmund
  1235 | D:2      | Slain by Sigmund

Levels and vault maps discovered:
D:1:      wheals_arrival_shading, layout_basic,
          shapermc_ecumenical_altar_pompeii, minmay_misc_feat_pillars
D:2:      layout_basic, item_on_display_a, uniq_sigmund

Skill      XL: |  1  2 |
---------------+-------+-----
Ranged Weapons | 3 |  3.2
Fighting       | 2 |  2.0
Dodging        | |  1.5
Spellcasting   | |  1.0
Hexes          | |  2.6

Action                     || total
---------------------------++-------
   Fire: Sling             ||    75
    Use: Scroll            ||     1
 Armour: Robe              ||     2
  Dodge: Dodged            ||    11

Table legend:
 A = Non-vault XP
 B = Vault XP
 C = Vault XP percentage of total XP
 D = Non-vault monster count
 E = Vault monster count
 F = Vault count percentage of total count
                 A         B        C        D         E       F
            +---------+---------+-------+---------+---------+-------
      Total |      50 |       0 |   0.0 |      26 |       0 |   0.0
            +---------+---------+-------+---------+---------+-------
        D:1 |      28 |       0 |   0.0 |      16 |       0 |   0.0
        D:2 |      22 |       0 |   0.0 |      10 |       0 |   0.0
            +---------+---------+-------+---------+---------+-------
